 Dungeon Crawl Stone Soup version 0.31-a0-431-g88bdf31460 (webtiles) character file.

Game seed: 10591752654334842077

10848 Maratek the Carver (level 11, -6/97 HPs)
             Began as a Minotaur Fighter on July 31, 2023.
             Was a High Priest of Okawaru.
             Mangled by a yak (12 damage)
             ... on level 1 of the Lair of Beasts.
             The game lasted 00:31:18 (12813 turns).

Maratek the Carver (Minotaur Fighter)              Turns: 12813, Time: 00:31:19

Health: -6/97      AC: 20    Str: 31    XL:     11   Next: 41%
Magic:  10/10      EV: 12    Int:  5    God:    Okawaru [*****.]
Gold:   860        SH: 17    Dex: 10    Spells: 10/10 levels left

rFire   + . .        M - +5 mace (freeze)
rCold   + . .        F - +1 kite shield
rNeg    . . .        L - +0 gold dragon scales
rPois   +            (helmet restricted)
rElec   .            r - +0 cloak
rCorr   .            p - +0 pair of gloves
SInv    .            (no boots)
Will    .....        x - amulet of reflection Stlth
                     g - +5 ring of evasion
HPRegen 0.36/turn    u - +6 ring of strength
MPRegen 0.12/turn

%: reflection
@: hasted, very quick
A: horns 2, retaliatory headbutt
a: Renounce Religion, Heroism, Finesse, Duel


You were on level 1 of the Lair of Beasts.
You worshipped Okawaru.
Okawaru was extremely pleased with you.
You visited 4 branches of the dungeon, and saw 13 of its levels.
You also visited: Bailey.

You collected 860 gold pieces.

Inventory:

Hand Weapons
 M - a +5 mace of freezing (weapon)
Missiles
 a - a throwing net
 j - 3 silver javelins
 I - 5 javelins (quivered)
Armour
 p - a +0 pair of gloves (worn)
 r - a +0 cloak (worn)
 y - a scarf of invisibility
 F - a +1 kite shield (worn)
 L - +0 gold dragon scales (worn)
Jewellery
 e - a ring of magical power
 g - a +5 ring of evasion (left hand)
 h - a ring of see invisible
 t - an amulet of magic regeneration
 u - a +6 ring of strength (right hand)
 x - an amulet of reflection (around neck)
 z - a +6 ring of intelligence
 E - a ring of flight
Wands
 A - a wand of charming (4)
 G - a wand of iceblast (2)
Scrolls
 c - a scroll of fear
 f - 3 scrolls of fog
 i - 2 scrolls of torment
 l - a scroll of blinking
 m - 3 scrolls of teleportation
 n - 2 scrolls of vulnerability
 w - a scroll of brand weapon {unknown}
 D - 3 scrolls of revelation
Potions
 b - a potion of attraction {unknown}
 d - 2 potions of might
 k - a potion of experience {unknown}
 o - a potion of degeneration {unknown}
 q - 2 potions of enlightenment
 s - 2 potions of resistance {unknown}
 v - 3 potions of brilliance {unknown}
 B - 2 potions of magic {unknown}
 C - 2 potions of haste
 H - a potion of invisibility {unknown}
 J - a potion of ambrosia {unknown}
Miscellaneous
 K - a lightning rod (inert)


   Skills:
 + Level 9.0 Fighting
 + Level 12.1 Long Blades
 + Level 3.0 Maces & Flails
 + Level 9.7 Armour
 + Level 6.5 Dodging
 + Level 1.6 Stealth
 + Level 11.2 Shields
 + Level 1.0 Evocations


You had 10 spell levels left.
You didn't know any spells.
Your spell library contained the following spells:

 Spells                   Type           Power      Damage    Failure   Level
 Magic Dart               Conj           0%         1d3       100%        1
 Necrotise                Necr           0%         1d4       100%        1
 Shock                    Conj/Air       0%         1d3       100%        1
 Sublimation of Blood     Necr           0%         N/A       100%        2
 Wereblood                Tmut           0%         N/A       100%        2
 Dazzling Flash           Conj/Hex       0%         N/A       100%        3
 Gell's Gravitas          Tloc           0%         N/A       100%        3
 Hailstorm                Conj/Ice       0%         3d3       100%        3
 Mephitic Cloud           Conj/Pois/Air  0%         N/A       100%        3
 Ozocubu's Armour         Ice            0%         N/A       100%        3
 Swiftness                Air            0%         N/A       100%        3
 Teleport Other           Tloc           0%         N/A       100%        3
 Vampiric Draining        Necr           0%         2d6       100%        3
 Airstrike                Air            0%         2d(0-16)  100%        4
 Agony                    Necr           0%         N/A       100%        5
 Silence                  Hex/Air        0%         N/A       100%        5
 Dispersal                Tloc           0%         N/A       100%        6
 Ozocubu's Refrigeration  Ice            0%         4d7       100%        7
 Call Imp                 Summ           Unusable   N/A       N/A         2
 Summon Ice Beast         Ice/Summ       Unusable   N/A       N/A         4
 Simulacrum               Ice/Necr       Unusable   N/A       N/A         6
 Summon Hydra             Summ           Unusable   N/A       N/A         7

Dungeon Overview and Level Annotations

Branches:
Dungeon (10/15)            Temple (1/1) D:7            Lair (1/5) D:8
    Orc (1/2) D:10         Bailey (visited)

Altars:
Ashenzari
Cheibriados
Elyvilon
Fedhas
Gozag
Hepliaklqana
Kikubaaqudgha
Makhleb
Nemelex Xobeh
Okawaru
Qazlal
Ru
Sif Muna
Trog
Uskayaw
Vehumet
Wu Jian
Xom
Yredelemnul
Zin
The Shining One

Shops:
D:1 =

Annotations:
D:5 exclusion: statue


Innate Abilities, Weirdness & Mutations

You have a pair of horns on your head.
You reflexively headbutt those who attack you in melee.


Message History

The yak gores you.
Your lightning rod (1/4) has regained one charge.
Your Maces & Flails skill increases to level 3!
You hit the yak. You freeze the yak. You headbutt the yak, but do no damage.
The yak is lightly wounded.
The yak gores you but does no damage. The yak misses you.
You furiously retaliate!
You headbutt the yak!
The yak gores you but does no damage. x2; You block the yak's attack.
You thump the yak! You freeze the yak. You headbutt the yak, but do no damage.
The yak is heavily wounded.
You block the yak's attack. The yak gores you! You block the yak's attack. x2
The yak gores you!
* * * LOW HITPOINT WARNING * * *
The blink frog blinks!
You sock the yak! You freeze the yak.
The yak is severely wounded.
The yak gores you.
* * * LOW HITPOINT WARNING * * *
You block the yak's attack. x2; The yak gores you!
* * * LOW HITPOINT WARNING * * *
The yak gores you but does no damage. x2; The yak barely misses you.
You furiously retaliate!
You headbutt the yak. You block the yak's attack. The yak misses you.
You block the yak's attack.
Aiming: Thunderbolt
Press: ? - help, Q - select action, (/) - cycle Shift-Dir - straight line, f - blink frog
Aim: a blink frog (translocational energy)
The thunderbolt hits the yak!!
You kill the yak!
Okawaru accepts your kill.
The thunderbolt hits the blink frog!
The blink frog is heavily wounded.
The lightning rod overheats!
The blink frog blinks!
You block the yak's attack. The yak gores you but does no damage.
You block the yak's attack. x2
The blink frog closely misses you. You furiously retaliate!
You headbutt the blink frog.
You feel yourself speed up. The blink frog hits you!
* * * LOW HITPOINT WARNING * * *
The yak gores you!
You die...

### ##...... ...###
###.######.......
P.....#####P#...#...##...S.
#........#......#..#.# ....
##................#.## (..
..............>..#### ..
.............<.### #
F........YYYF.##
.........Y@F..# ####
###.....####..## ###..###
#....... #...####......##
#......... ###..#.........#
#........#. ##...........##
.........####.........####
.....##### ###..######
##P.# ##.## ##.# ####


You could see 4 yaks and 2 blink frogs.

Vanquished Creatures
  2 two-headed ogres (D:10)
  A black mamba (Lair:1)
  A gargoyle (Bailey)
  A cane toad (Lair:1)
  An unseen horror (D:10)
  A blink frog (Lair:1)
  Sigmund (D:4)
  A wraith (D:10)
  A shadow (D:9)
  4 wyverns
  A vampire (Bailey)
  12 yaks
  2 steam dragons
  3 vampire mosquitoes (D:10)
  2 wargs (D:8)
  An acid dragon (D:9)
  A water moccasin (D:8)
  2 black bears (D:4)
  A sky beast (D:7)
  8 orc warriors
  3 ogres
  A phantom (D:6)
  5 bullfrogs
  3 gnoll sergeants
  A scorpion (D:6)
  5 wights (D:10)
  6 killer bees (D:9)
  7 vampire bats (Bailey)
  7 wolf zombies (Bailey)
  3 hounds
  6 orc priests
  A gnoll bouda (D:7)
  2 jellies
  3 iguanas
  14 orc wizards
  10 adders
  20 gnolls
  2 white imps
  3 worms
  A dart slug (D:4)
  31 orcs
  12 endoplasms
  4 giant cockroaches
  6 goblins
  3 hobgoblins
  13 jackals
  6 kobolds
  3 quokkas
  7 ball pythons
  8 bats
  2 frilled lizards
  22 orc zombies (Bailey)
  6 rats
273 creatures vanquished.

Vanquished Creatures (others)
  A human (D:4)
1 creature vanquished.

Grand Total: 274 creatures vanquished

Notes
Turn   | Place    | Note
-------+----------+-------------------------------------------
     0 | D:1      | Maratek the Minotaur Fighter began the quest for the Orb.
     0 | D:1      | Reached XP level 1. HP: 19/19 MP: 0/0
   139 | D:1      | Reached XP level 2. HP: 27/27 MP: 1/1
   239 | D:1      | Found a faded altar of an unknown god.
   424 | D:1      | Found Zipogyx's Jewellery Shoppe.
   429 | D:1      | Reached skill level 3 in Long Blades
   432 | D:1      | Reached XP level 3. HP: 33/33 MP: 2/2
  1099 | D:2      | Reached XP level 4. HP: 40/40 MP: 3/3
  1122 | D:2      | Reached skill level 4 in Long Blades
  1694 | D:3      | Reached skill level 1 in Dodging
  2155 | D:3      | Reached XP level 5. HP: 46/46 MP: 4/4
  2485 | D:4      | Reached skill level 5 in Long Blades
  2691 | D:4      | Noticed Sigmund
  2708 | D:4      | Killed Sigmund
  2709 | D:4      | Reached skill level 5 in Armour
  2709 | D:4      | Reached XP level 6. HP: 42/53 MP: 5/5
  2824 | D:4      | Reached skill level 6 in Long Blades
  3084 | D:4      | Found a stormy altar of Qazlal.
  3263 | D:4      | Reached XP level 7. HP: 59/60 MP: 6/6
  3455 | D:4      | Found an ancient bone altar of Kikubaaqudgha.
  3456 | D:4      | Noticed a human
  3460 | D:4      | Killed a human
  3627 | D:5      | Entered Level 5 of the Dungeon
  3655 | D:5      | Reached skill level 5 in Fighting
  3772 | D:5      | Noticed a wyvern
  3786 | D:5      | Killed a wyvern
  3787 | D:5      | Reached skill level 5 in Shields
  3921 | D:5      | Reached skill level 1 in Stealth
  4031 | D:5      | Reached skill level 7 in Long Blades
  4403 | D:5      | Reached XP level 8. HP: 45/69 MP: 7/7
  4560 | D:5      | Found a radiant altar of Vehumet.
  4787 | D:6      | Found an ornate altar of the Wu Jian Council.
  4909 | D:6      | Reached skill level 8 in Long Blades
  4992 | D:6      | HP: 2/70 [poisoned by an orc warrior]
  5525 | D:6      | Identified the +6 ring mail "Hatyw" {Will+ MP-9 Str+4}
  5826 | D:7      | Found a sparkling altar of Nemelex Xobeh.
  5921 | D:7      | Reached XP level 9. HP: 58/78 MP: 0/8
  6078 | D:7      | Reached skill level 9 in Long Blades
  6110 | D:7      | Found a staircase to the Ecumenical Temple.
  6219 | Temple   | Entered the Ecumenical Temple
  6243 | Temple   | Became a worshipper of Warmaster Okawaru
  7193 | D:8      | Reached * piety under Okawaru
  7228 | D:8      | Found a staircase to the Lair.
  7445 | D:8      | Reached skill level 10 in Long Blades
  7771 | D:8      | Reached skill level 5 in Dodging
  7793 | D:8      | Reached ** piety under Okawaru
  7794 | D:8      | Reached XP level 10. HP: 44/86 MP: 0/9
  8335 | Lair:1   | Entered Level 1 of the Lair of Beasts
  8364 | Lair:1   | Noticed a cane toad
  8373 | Lair:1   | Killed a cane toad
  8638 | Lair:1   | Noticed a six-headed hydra
  9140 | D:9      | Reached skill level 11 in Long Blades
  9413 | D:9      | Found a flagged portal.
  9422 | Bailey   | Entered a bailey
  9570 | Bailey   | Reached *** piety under Okawaru
  9677 | Bailey   | Noticed a gargoyle
  9682 | Bailey   | Killed a gargoyle
  9973 | Bailey   | Identified the +2 ring mail "Fosheajaukk" {Str+4}
 10703 | D:10     | Entered Level 10 of the Dungeon
 10718 | D:10     | Reached skill level 10 in Shields
 10775 | D:10     | Noticed a two-headed ogre
 10787 | D:10     | Killed a two-headed ogre
 10787 | D:10     | Reached **** piety under Okawaru
 10816 | D:10     | Noticed a two-headed ogre
 10827 | D:10     | Killed a two-headed ogre
 10828 | D:10     | Reached XP level 11. HP: 76/95 MP: 10/10
 11329 | D:10     | Reached skill level 12 in Long Blades
 11445 | D:10     | Found an opulent altar of Gozag.
 11703 | D:10     | Found a burning altar of Makhleb.
 11730 | D:10     | Reached ***** piety under Okawaru
 11896 | D:10     | Reached skill level 1 in Maces & Flails
 11907 | D:10     | Reached skill level 1 in Evocations
 12126 | D:10     | Found a staircase to the Orcish Mines.
 12282 | Orc:1    | Entered Level 1 of the Orcish Mines
 12813 | Lair:1   | Mangled by a yak

Illustrated notes

Levels and vault maps discovered:
D:1:      heliophobic_arrival_henge, layout_rooms, serial_shops,
          nicolae_shop_peninsula, basic_ecumenical_altar, minmay_tetromino_l2
D:2:      layout_basic, serial_rivers, chequers_serial_rivers_micro_c,
          chequers_serial_rivers_large_a, chequers_serial_rivers_room_b,
          chequers_serial_rivers_micro_c, chequers_serial_rivers_micro_e,
          chequers_serial_rivers_micro_e, minmay_misc_feat_secret_circle,
          grunt_ministairs_13, cheibrodos_gnoll_hut, uniq_crazy_yiuf_cottage
D:3:      layout_basic, roderic_lattice_a
D:4:      layout_loops_ring, general_overflow_altar, tgw_kikubaaqudgha,
          uniq_sigmund
D:5:      layout_basic, vehumet_statue
D:6:      layout_rooms, amcnicky_altar_gilded
D:7:      layout_cave_pods, mainiacjoe_overflow_alcove_2,
          minmay_temple_entry_enclosed_plants
D:8:      layout_loops_ring, erik_lair_orcish_takeover,
          kennysheep_pointless_box, minmay_fractal_squares_diagonal_5
D:9:      layout_cave_pods, enter_bailey_2
D:10:     layout_stronghold, mainiacjoe_overflow_small_starburst,
          nicolae_gozag_cash_rules_everything_around_me, kennysheep_mini,
          orc_0_dummy, minmay_parallelograms
Temple:   nicolae_temple_two_arcs
Lair:1:   beast_lair_carwin_large_4, layout_cave_pods, nzn_sisyphean_effort
Orc:1:    layout_caves, serial_shops, nicolae_shop_gaudy_bauble, mines5_lemuel

Skill      XL: |  1  2  3  4  5  6  7  8  9 10 11 |
---------------+----------------------------------+-----
Armour         | 4 5 6 7 8 9 |  9.7
Fighting       | 4 5 6 7 8 9 |  9.0
Shields        | 4 5 6 8 10 11 | 11.2
Long Blades    | 3 4 5 6 7 8 10 11 12 | 12.1
Dodging        | 1 2 4 5 6 |  6.5
Stealth        | 1 |  1.6
Maces & Flails | 3 |  3.0
Evocations     | 1 |  1.0

Action                     |  1- 3 |  4- 6 |  7- 9 | 10-12 || total
---------------------------+-------+-------+-------+-------++-------
  Melee: Long sword        |    85 |    92 |   350 |   323 ||   850
         Headbutt          |     7 |    12 |    69 |   101 ||   189
         Mace              |       |       |       |    78 ||    78
 Invoke: Heroism           |       |       |       |     1 ||     1
  Evoke: Wand              |       |       |     1 |     2 ||     3
         Lightning rod     |       |       |       |     6 ||     6
    Use: Potion            |       |       |     5 |     8 ||    13
         Scroll            |       |       |       |    14 ||    14
 Armour: Scale mail        |    43 |    45 |    40 |       ||   128
         Ring mail         |       |       |    67 |    48 ||   115
         Gold dragon scale |       |       |       |   157 ||   157
  Dodge: Dodged            |   101 |    83 |   214 |   244 ||   642
  Block: Buckler           |    39 |    22 |    89 |       ||   150
         Kite shield       |       |       |    50 |   432 ||   482
         Reflection        |       |       |     1 |     7 ||     8

Table legend: (Time is in decaauts)
 A = Elapsed time spent in this place.
 B = Non-inter-level travel time spent in this place.
 C = Inter-level travel time spent in this place.
 D = Time resting spent in this place.
 E = Time spent auto-exploring this place.
 F = Levels seen in this place.
 G = Mean time per level.
                   A        B        C        D        E       F      G
               +--------+--------+--------+--------+--------+-----+--------+
         Total |  12856 |  12229 |    627 |   2759 |   6664 |  14 |  918.3 |
       Dungeon |  11524 |  10905 |    619 |   2316 |   6356 |  10 | 1152.4 |
        Temple |     42 |     34 |      8 |      0 |      0 |   1 |   42.0 |
          Lair |    354 |    354 |      0 |    218 |     61 |   1 |  354.0 |
  Orcish Mines |     64 |     64 |      0 |      0 |      3 |   1 |   64.0 |
        Bailey |    870 |    870 |      0 |    225 |    244 |   1 |  870.0 |
               +--------+--------+--------+--------+--------+-----+--------+

Top non-repeatable levels by time:
     D:8: 2012 daAuts
     D:9: 1473 daAuts
    D:10: 1333 daAuts
     D:4: 1167 daAuts
     D:5: 1137 daAuts
     D:7: 1032 daAuts
     D:3: 991 daAuts
     D:2: 931 daAuts
  Bailey: 870 daAuts
     D:6: 845 daAuts
     D:1: 599 daAuts
  Lair:1: 354 daAuts
   Orc:1: 64 daAuts
  Temple: 42 daAuts
